 Dungeon Crawl Stone Soup version 0.29.1-1-gd02db6906a (webtiles) character file.

Game seed: 52332261400095586

5246 Icepheonix32 the Martial Artist (level 10, -26/84 HPs)
             Began as a Merfolk Transmuter on Oct 3, 2022.
             Was an Initiate of Sif Muna.
             Annihilated by an orc knight
             ... wielding a +0 great sword
              (30 damage)
             ... on level 10 of the Dungeon.
             The game lasted 00:18:52 (12720 turns).

Icepheonix32 the Martial Artist (MfTm)             Turns: 12720, Time: 00:18:53

Health: -26/84     AC:  7    Str: 11    XL:     10   Next: 62%
Magic:  9/16       EV: 13    Int: 16    God:    Sif Muna [......]
Gold:   603        SH:  0    Dex: 15    Spells: 5/18 levels left

rFire   x . .      SeeInvis .     - Unarmed
rCold   + + +      Faith    .   (shield currently unavailable)
rNeg    . . .      Spirit   .   (body armour currently unavailable)
rPois   +          Reflect  .   (helmet currently unavailable)
rElec   .          Harm     .   (cloak currently unavailable)
rCorr   .          Rampage  .   (gloves currently unavailable)
Will    .....                   (boots currently unavailable)
Stlth   ++........              (no amulet)
HPRegen 0.24/turn               j - ring of poison resistance
MPRegen 0.15/turn               (no ring)

@: ice-form, very slightly contaminated
A: freezing attack, boosted hp, large, (nimble swimmer 2), (mertail), (claws 1)
a: End Transformation, Renounce Religion


You were on level 10 of the Dungeon.
You worshipped Sif Muna.
Sif Muna was noncommittal.
You were a creature of crystalline ice.
You visited 2 branches of the dungeon, and saw 11 of its levels.

You collected 603 gold pieces.

Inventory:

Hand Weapons
 e - a +1 dagger
 n - the +8 mace of the Valley of Death {flame, rPois rF- rCorr Stlth+}
   (You found it on level 4 of the Dungeon)

   It burns those it strikes, dealing additional fire damage.
   rF:        It makes you vulnerable to fire.
   rPois:     It protects you from poison.
   rCorr:     It protects you from acid and corrosion.
   Stlth:     It makes you more stealthy.
 t - the +5 spear of Cheese {drain, *Noise rC+ rN+ rCorr}
   (You found it on level 7 of the Dungeon)

   A truly terrible weapon, it drains the life of any living foe it strikes.
   rC:        It protects you from cold.
   rN:        It protects you from negative energy.
   *Noise:    It may make noises in combat.
   rCorr:     It protects you from acid and corrosion.
 u - the +9 dagger of Cowardice {holy, Drain rElec Will+++ rCorr}
   (You found it on level 9 of the Dungeon)

   It has been blessed by the Shining One to cause great damage to the undead
   and demons.
   rElec:     It insulates you from electricity.
   rCorr:     It protects you from acid and corrosion.
   Drain:     It drains your maximum health when unequipped.
   Will:      It greatly increases your willpower.
 C - the +5 battleaxe "Etukoc" {venom, rF+ Will- Str+6}
   (You found it on level 9 of the Dungeon)

   It poisons the flesh of those it strikes.
   Str:       It affects your strength (+6).
   rF:        It protects you from fire.
   Will:      It decreases your willpower.
Missiles
 b - 6 silver javelins
Armour
 a - a +2 robe
 f - a +0 troll leather armour (melded)
 k - a +2 cloak (melded)
 y - the +1 ring mail "Liutig" {rCorr}
   (You found it on level 8 of the Dungeon)

   rCorr:     It protects you from acid and corrosion.
Jewellery
 j - a ring of poison resistance (left front paw)
Wands
 p - a wand of mindburst (9)
 v - a wand of polymorph (3)
 A - a wand of flame (5)
Scrolls
 c - 3 scrolls of immolation
 g - 2 scrolls of enchant armour
 h - 4 scrolls of butterflies
 q - 5 scrolls of teleportation
 r - 5 scrolls of identify
 s - a scroll of fear
 w - 2 scrolls of enchant weapon
 B - 2 scrolls of poison
Potions
 d - 3 potions of brilliance
 i - a potion of magic
 l - 2 potions of ambrosia
 o - 2 potions of flight
 x - a potion of invisibility
 z - a potion of might
 D - a potion of curing


   Skills:
 + Level 3.0 Fighting
 + Level 7.2 Dodging
 + Level 3.5 Stealth
 + Level 9.8 Unarmed Combat
 + Level 4.5 Spellcasting
 + Level 0.7 Conjurations
 * Level 9.2 Transmutations
 * Level 4.5 Air Magic
 + Level 5.2 Poison Magic


You had 5 spell levels left.
You knew the following spells:

 Your Spells              Type           Power      Damage    Failure   Level
a - Beastly Appendage     Tmut           66%        N/A       1%          1
b - Wereblood             Tmut           33%        N/A       1%          2
c - Spider Form           Tmut/Pois      26%        N/A       2%          3
d - Mephitic Cloud        Conj/Pois/Air  14%        N/A       12%         3
e - Ice Form              Ice/Tmut       18%        N/A       24%         4

Your spell library contained the following spells:

 Spells                   Type           Power      Damage    Failure   Level
 Magic Dart               Conj           20%        1d4       12%         1
 Freeze                   Ice            12%        1d4       16%         1
 Blink                    Tloc           6%         N/A       24%         2
 Call Imp                 Summ           3%         N/A       24%         2
 Frozen Ramparts          Ice            6%         1d1       43%         3
 Tukima's Dance           Hex            3%         N/A       43%         3
 Yara's Violent Unravell  Hex/Tmut       9%         3d6       56%         5
 Hailstorm                Conj/Ice       4%         3d4       80%         4
 Passage of Golubria      Tloc           3%         N/A       85%         4
 Manifold Assault         Tloc           3%         N/A       99%         5
 Malign Gateway           Summ/Tloc      1%         N/A       100%        7
 Storm Form               Tmut/Air       12%        N/A       100%        7
 Summon Horrible Things   Summ           1%         N/A       100%        8


Dungeon Overview and Level Annotations

Branches:
Dungeon (10/15)            Temple (1/1) D:5             Orc (0/2) D:10
   Lair: D:8-11

Altars:
Cheibriados
Dithmenos
Elyvilon
Fedhas
Gozag
Hepliaklqana
Kikubaaqudgha
Makhleb
Nemelex Xobeh
Okawaru
Qazlal
Ru
Sif Muna
Trog
Uskayaw
Vehumet
Wu Jian
Yredelemnul
Zin
The Shining One

Shops:
D:5 *   D:10 (

Annotations:
D:9 1 runed translucent door, bakla's ghost, novice DrEE


Innate Abilities, Weirdness & Mutations

You are a creature of crystalline ice.
You have a powerful freezing melee attack.
Your maximum health is increased.
Your armour is entirely melded.
You are incapable of wielding weapons or throwing items.
((You are very nimble when in or above water. (Stealth+, EV+, Speed+++)))
((Your lower body shifts to a powerful aquatic tail in water.))
((You have sharp fingernails.))


Message History

Unknown command.
Casting: Ice Form (dangerous; 30% risk of failure)
Confirm with . or Enter, or press ? or * to list all spells.
You turn into a creature of crystalline ice.
Your +2 cloak melds into your body.
Your +0 troll leather armour melds into your body.
The orc hits you with a +0 whip.
You hit the orc but do no damage.
The orc is moderately wounded.
The orc misses you.
You hit the orc. You freeze the orc.
You kill the orc!
Sif Muna accepts your kill.
You hit the orc knight. You freeze the orc knight.
The orc knight is lightly wounded.
You punch the orc knight! You freeze the orc knight.
The orc knight is moderately wounded.
The orc knight hits you with a +0 great sword!
You punch the orc knight! You freeze the orc knight.
The orc knight is moderately wounded.
The orc knight hits you with a +0 great sword.
You punch the orc knight! You freeze the orc knight.
The orc knight is severely wounded.
The orc knight hits you with a +0 great sword!!
You hit the orc knight but do no damage.
The orc knight is severely wounded.
The orc knight hits you with a +0 great sword!!
* * * LOW HITPOINT WARNING * * *
You hit the orc knight but do no damage.
The orc knight is severely wounded.
You hit the orc knight but do no damage.
The orc knight is severely wounded.
The orc knight hits you with a +0 great sword!
* * * LOW HITPOINT WARNING * * *
Unknown command.
Okay, then.
You punch the orc knight! You freeze the orc knight.
The orc knight is severely wounded.
The orc knight hits you with a +0 great sword!!
You die...

#...<>..## ...
#.###.#.# .##
#.#...#.#
######.#.....######.
###.........#.........
#.....##.#.###.######.
#####.#.##.......#
#.###.#o####.#####
#.##<.#Y# #.#
#.##.##.# #..
#.##.##.# ###.
#.......# .. ###.#.###
##.###.## #.## ##.#
##.###.## #.. ##.#.##
#.##


You could see an orc knight.

Vanquished Creatures
  A two-headed ogre (D:9)
  A troll (D:9)
  Grinder (D:2)
  Sigmund (D:6)
  Grum (D:8)
  Edmund (D:5)
  6 orc warriors
  2 ice beasts
  4 black bears
  2 ogres (D:5)
  4 wolves
  A centaur (D:8)
  A phantom (D:6)
  2 bullfrogs (D:8)
  2 necrophages
  4 scorpions
  4 wights (D:8)
  7 killer bees (D:8)
  2 howler monkeys
  A jelly (D:6)
  6 orc priests
  7 iguanas
  12 orc wizards
  A hound skeleton (D:7)
  A mummy (D:7)
  9 adders
  2 shadow imps
  2 white imps (D:6)
  An ufetubus (D:3)
  A worm (D:3)
  A dart slug (D:3)
  38 orcs
  12 endoplasms
  4 giant cockroaches
  13 goblins
  2 hobgoblins (D:1)
  2 jackals (D:3)
  8 kobolds
  8 quokkas
  8 ball pythons
  8 bats
  5 frilled lizards
  6 rats
205 creatures vanquished.

Vanquished Creatures (others)
  An orc priest (D:8)
  2 plants (D:9)
3 creatures vanquished.

Grand Total: 208 creatures vanquished

Notes
Turn   | Place    | Note
-------+----------+-------------------------------------------
     0 | D:1      | Icepheonix32 the Merfolk Transmuter began the quest for the
                  | Orb.
     0 | D:1      | Reached XP level 1. HP: 15/15 MP: 3/3
   206 | D:1      | Reached XP level 2. HP: 21/21 MP: 3/5
   373 | D:1      | Found a faded altar of an unknown god.
   990 | D:1      | Reached XP level 3. HP: 13/26 MP: 4/6
  1981 | D:2      | Gained mutation: Your flesh is cold resistant. (rC+)
                  | [potion of mutation]
  1981 | D:2      | Gained mutation: You are somewhat resistant to further
                  | mutation. [potion of mutation]
  2014 | D:3      | Noticed Grinder
  2027 | D:2      | Paralysed by Grinder for 5 turns
  2033 | D:2      | Killed Grinder
  2034 | D:2      | Reached skill level 1 in Stealth
  2034 | D:2      | Reached skill level 5 in Transmutations
  2034 | D:2      | Reached XP level 4. HP: 27/32 MP: 6/8
  2034 | D:2      | Reached XP level 5. HP: 31/37 MP: 6/9
  2034 | D:2      | Reached XP level 6. HP: 36/43 MP: 6/10
  2207 | D:3      | Learned a level 2 spell: Wereblood
  2211 | D:3      | Learned a level 3 spell: Spider Form
  2253 | D:3      | Found a white marble altar of Elyvilon.
  2310 | D:3      | Found a sacrificial altar of Ru.
  2742 | D:3      | Reached skill level 5 in Unarmed Combat
  2850 | D:3      | Reached skill level 1 in Poison Magic
  3104 | D:3      | Learned a level 3 spell: Mephitic Cloud
  4111 | D:4      | Reached XP level 7. HP: 41/48 MP: 9/11
  4166 | D:4      | Found an ancient bone altar of Kikubaaqudgha.
  4303 | D:4      | Identified the +8 mace of the Valley of Death {flame, rPois
                  | rF- rCorr Stlth+}
  4513 | D:4      | Found a hazy altar of Hepliaklqana.
  4586 | D:4      | Reached skill level 1 in Air Magic
  5186 | D:4      | Reached XP level 8. HP: 27/56 MP: 7/12
  5467 | D:4      | Learned a level 4 spell: Ice Form
  5759 | D:5      | Entered Level 5 of the Dungeon
  5842 | D:5      | Found Fuxkioru's Lightly-Used Armoury.
  6342 | D:5      | Found a staircase to the Ecumenical Temple.
  6382 | Temple   | Entered the Ecumenical Temple
  6960 | D:5      | Noticed Edmund
  6976 | D:5      | Killed Edmund
  7341 | D:6      | Reached skill level 5 in Dodging
  7341 | D:6      | Reached XP level 9. HP: 53/62 MP: 14/14
  7793 | D:6      | Lost mutation: Your flesh is cold resistant. (rC+) [potion
                  | of mutation]
  7793 | D:6      | Lost mutation: You are somewhat resistant to further
                  | mutation. [potion of mutation]
  7793 | D:6      | Gained mutation: Your body sometimes deteriorates upon
                  | taking damage. [potion of mutation]
  7793 | D:6      | Gained mutation: You expend magic power (3 MP) to
                  | strengthen your wands. [potion of mutation]
  8093 | D:6      | Noticed Sigmund
  8106 | D:6      | Killed Sigmund
  8365 | D:7      | Identified the +5 spear of Cheese {drain, *Noise rC+ rN+
                  | rCorr}
  8368 | D:7      | Found a hide-covered altar of Uskayaw.
  8728 | D:7      | Lost mutation: Your body sometimes deteriorates upon taking
                  | damage. [potion of mutation]
  8728 | D:7      | Lost mutation: You expend magic power (3 MP) to strengthen
                  | your wands. [potion of mutation]
  8728 | D:7      | Gained mutation: You have sharp fingernails. [potion of
                  | mutation]
  8964 | D:7      | Found a burning altar of Makhleb.
  9279 | D:7      | Found a snail-covered altar of Cheibriados.
  9610 | D:8      | Identified the +1 ring mail "Liutig" {rCorr}
 10177 | D:8      | Reached XP level 10. HP: 57/68 MP: 13/16
 10314 | D:8      | Noticed Grum
 10324 | D:8      | Reached skill level 5 in Poison Magic
 10678 | D:8      | Killed Grum
 10794 | D:8      | HP: 2/68 [orc warrior/+0 battleaxe (27)]
 11052 | D:8      | Found a shadowy altar of Dithmenos.
 11254 | D:9      | Identified the +9 dagger of Cowardice {holy, Drain rElec
                  | Will+++ rCorr}
 11412 | D:9      | Noticed bakla's ghost (novice DrEE)
 11420 | D:9      | Found a runed translucent door.
 11505 | D:9      | Identified the +5 battleaxe "Etukoc" {venom, rF+ Will-
                  | Str+6}
 11534 | D:9      | Found a shimmering blue altar of Sif Muna.
 11626 | D:9      | Became a worshipper of Sif Muna the Loreminder
 11656 | D:9      | Noticed a two-headed ogre
 11665 | D:9      | Killed a two-headed ogre
 12213 | D:10     | Entered Level 10 of the Dungeon
 12245 | D:10     | Found Sapipuco's Weapon Boutique.
 12246 | D:10     | Noticed an orc knight
 12247 | D:10     | Found a staircase to the Orcish Mines.
 12342 | D:10     | Found a bloodstained altar of Trog.
 12719 | D:10     | HP: 4/84 [orc knight/+0 great sword (11)]
 12720 | D:10     | Annihilated by an orc knight

Illustrated notes

Levels and vault maps discovered:
D:1:      dpeg_arrival_boxorama, layout_basic,
          shapermc_ecumenical_altar_pompeii, minmay_close_crescents
D:2:      layout_basic
D:3:      layout_loops_corners, nicolae_overflow_crystal_walls,
          nicolae_ru_awakened_eye, serial_aquarium, aquarium_bridge_straight
          [aquarium_subvault_bridge, aquarium_subvault_wall,
          aquarium_subvault_bridge, aquarium_subvault_wall],
          aquarium_bridge_square [aquarium_subvault_window,
          aquarium_subvault_bridge, aquarium_subvault_bridge,
          aquarium_subvault_wall], aquarium_window_1, aquarium_window_1,
          aquarium_window_fake, aquarium_window_2, aquarium_view_2b,
          aquarium_view_2e, aquarium_balcony_1b, aquarium_pool_2,
          chequers_serial_rivers_micro_c, uniq_grinder
D:4:      layout_loops_corners, overflow_temple_1_default,
          mainiacjoe_overflow_catwalk, minmay_bisected
D:5:      layout_rooms, minmay_temple_entry_nine_rooms, minmay_shop_damaged,
          minmay_ogre_servants, uniq_edmund
D:6:      layout_basic, uniq_sigmund
D:7:      layout_loops_cross, nicolae_uskayaw_dance_hall,
          makhleb_blood_cavern_becter, chei_slow_surprise,
          minmay_misc_feat_hallway
D:8:      layout_rooms, lemuel_tele_altar, eino_jars, uniq_grum
D:9:      layout_cave_pools, nicolae_sif_muna_little_library,
          hellmonk_ghost_big_iron, hangedman_abyss_or_decor_jellyfish_corner,
          chequers_arboretum
D:10:     layout_loops_cross, lemuel_round_altar,
          mainiacjoe_overflow_small_starburst, doesnt_xom_only_xom,
          lair_entry_dummy, orc_david_3, nicolae_benzene_ring
Temple:   nicolae_temple_bog_church

Skill      XL: |  1  2  3  4  5  6  7  8  9 10 |
---------------+-------------------------------+-----
Transmutations | 3 5 6 7 8 9 |  9.2
Dodging        | 3 4 5 6 7 |  7.2
Stealth        | 1 2 3 |  3.5
Unarmed Combat | 4 5 7 8 9 |  9.8
Spellcasting   | 3 4 |  4.5
Poison Magic   | 1 2 4 5 |  5.2
Air Magic      | 1 2 3 4 |  4.5
Fighting       | 2 3 |  3.0
Conjurations   | |  0.7

Action                   |  1- 3 |  4- 6 |  7- 9 | 10-12 || total
-------------------------+-------+-------+-------+-------++-------
Melee: Unarmed           |   118 |   140 |   385 |   126 ||   769
       Headbutt          |    13 |     7 |     5 |     2 ||    27
       Punch             |     6 |     2 |     3 |       ||    11
       Tailslap          |       |     1 |       |       ||     1
 Cast: Beastly Appendage |    21 |    10 |    11 |     1 ||    43
       Spider Form       |       |     1 |    37 |    11 ||    49
       Wereblood         |       |     1 |     8 |     4 ||    13
       Mephitic Cloud    |       |       |     1 |     2 ||     3
       Ice Form          |       |       |     1 |     1 ||     2
  Use: Scroll            |     5 |     1 |     7 |     2 ||    15
       Potion            |     3 |     1 |     8 |     3 ||    15
 Stab: Sleeping          |     2 |     3 |     5 |       ||    10
       Confused          |       |       |     2 |     4 ||     6
Armor: Robe              |    26 |    29 |    32 |     1 ||    88
       Skin              |     7 |     3 |    10 |     3 ||    23
       Troll leather arm |       |       |       |     1 ||     1
Dodge: Dodged            |    71 |   133 |   300 |   163 ||   667
